 Dungeon Crawl Stone Soup version 0.15-a0-1866-g491fd59 (webtiles) character file.

158599 KaKa the Grappler (level 17, -23/151 HPs)
             Began as a Ghoul Monk on June 26, 2014.
             Was the Champion of Cheibriados.
             Annihilated by Norris
             ... wielding a cursed +2 hand axe of freezing
              (26 damage)
             ... on Level 4 of the Swamp on July 3, 2014.
             The game lasted 04:25:23 (35475 turns).

KaKa the Grappler (Ghoul Monk)                     Turns: 35475, Time: 04:25:23

HP -23/151       AC 23     Str 34      XL: 17   Next: 72%
MP  26/30        EV 23     Int 22      God: Cheibriados [******]
Gold 1924        SH  0     Dex 29      Spells:  3 memorised, 19 levels left

rFire  . . .     SeeInvis +     a - +0 shortbow (freeze)
rCold  + . .     Clarity  .     I - +7 scale mail of Icamaem {+Fly Str+2 SInv}
rNeg   + + +     rCorr    .     (no shield)
rPois  +         rRot     +     w - +0 helmet
rElec  .         Spirit   .     F - +2 cloak {MR+}
SustAb .         Warding  .     l - +0 pair of gloves {archery}
rMut   .         Stasis   .     v - +0 pair of boots
Saprov + + +                    (no amulet)
MR     +++..                    O - ring of protection from magic
                                Q - ring of wizardry

@: very slightly contaminated, rotting, repel missiles, very slow, extremely
resistant to hostile enchantments, very unstealthy
A: rotting body, claws 1, carnivore 3, cold resistance 1, negative energy
resistance 3, poison resistance, saprovore 3, slow healing 1, torment
resistance, unbreathing
a: Bend Time, Temporal Distortion, Slouch, Step From Time, Renounce Religion,
Evoke Flight


You were on level 4 of the Swamp.
You worshipped Cheibriados.
Cheibriados was exalted by your worship.
You were not hungry.

You visited 5 branches of the dungeon, and saw 32 of its levels.
You also visited: Ice Cave.

You collected 3346 gold pieces.
You spent 1422 gold pieces at shops.

Inventory:

Hand weapons
 a - a +0 shortbow of freezing (weapon)
 N - a +0 longbow
Missiles
 b - 35 arrows of dispersal
 y - 11 javelins
 C - 15 arrows of frost
 U - 20 poisoned arrows
 Y - 61 arrows (quivered)
Armour
 l - a +0 pair of gloves of archery (worn)
 v - a +0 pair of boots (worn)
 w - a +0 helmet (worn)
 F - a +2 cloak of magic resistance (worn)
 I - the +7 scale mail of Icamaem (worn) {+Fly Str+2 SInv}
   (You found it on level 3 of the Lair of Beasts)

   It affects your strength (+2).
   It enhances your eyesight.
   It lets you fly.
Magical devices
 e - a wand of disintegration (9)
 h - a wand of cold (6)
 s - a wand of fire (8)
 u - a wand of teleportation (2)
 x - a wand of digging (24)
 D - a wand of lightning (5)
 G - a wand of draining (0)
 J - a wand of digging (3)
 R - a wand of fire (6)
 W - a wand of cold (9)
 X - a wand of disintegration (13)
Comestibles
 g - 19 meat rations
 n - a slice of pizza
 z - a rotting chunk of vampire mosquito flesh
 B - a chunk of red wasp flesh
 E - 13 royal jellies
Scrolls
 c - 13 scrolls of identify
 i - 4 scrolls of magic mapping
 k - 4 scrolls of amnesia
 m - a scroll of enchant armour
 q - 3 scrolls of recharging
 r - 7 scrolls of teleportation
 A - a scroll of fear
 H - 3 scrolls of enchant weapon
 K - 11 scrolls of remove curse
 P - 2 scrolls of fog
 T - 2 scrolls of blinking
Jewellery
 d - an uncursed ring of see invisible
 j - an uncursed ring of invisibility
 t - a +2 ring of evasion
 O - a ring of protection from magic (right hand)
 Q - a ring of wizardry (left hand)
Potions
 f - 3 potions of restore abilities
 o - 3 potions of heal wounds
 p - a potion of resistance
 L - 2 potions of magic
 M - 2 potions of might
 S - 10 potions of curing
Books
 Z - a book of Minor Magic

   Spells                             Type                      Level
   Magic Dart                         Conjuration                  1
   *Blink                             Translocation                2
   Call Imp                           Summoning                    2
   *Repel Missiles                    Charms/Air                   2
   Slow                               Hexes                        2
   Conjure Flame                      Conjuration/Fire             3
   Mephitic Cloud                     Conjuration/Poison/Air       3


   Skills:
 + Level 13.7 Fighting
 - Level 13.1 Bows
 - Level 5.1 Throwing
 - Level 9.0 Armour
 + Level 11.3 Dodging
 - Level 2.1 Stealth
 + Level 13.8 Unarmed Combat
 - Level 5.1 Spellcasting
 - Level 5.2 Charms
 - Level 3.8 Translocations
 - Level 4.6 Air Magic
 - Level 12.0 Invocations


You had 19 spell levels left.
You knew the following spells:

 Your Spells              Type           Power        Failure   Level  Hunger
a - Flight                Chrm/Air       ####......   2%          3    ##.....
b - Repel Missiles        Chrm/Air       ####..       1%          2    None
c - Blink                 Tloc           N/A          1%          2    None


Dungeon Overview and Level Annotations

Branches:
Dungeon (15/15)            Temple (1/1) D:5             Orc (4/4) D:9
    Elf (0/3) Orc:4          Lair (8/8) D:11          Swamp (4/5) Lair:3
  Snake (0/5) Lair:5        Slime (0/6) Lair:7       Vaults (0/5) D:14
 Depths (0/5) D:15

Altars:
Ashenzari
Cheibriados
Dithmenos
Elyvilon
Fedhas
Gozag
Kikubaaqudgha
Makhleb
Nemelex Xobeh
Okawaru
Qazlal
Sif Muna
Trog
Vehumet
Xom
Yredelemnul
Zin
The Shining One
Beogh

Shops:
D:9 (   D:11 [   D:12 !   D:14 (   Orc:1 ?   Orc:4 [*(=!

Annotations:
D:3 exclusion: orc wizard
Swamp:4 Norris, Wiglaf


Innate Abilities, Weirdness & Mutations

Your body is rotting away.
You have sharp fingernails.
You are carnivorous and can eat meat at any time.
Your flesh is cold resistant.
You are immune to negative energy.
Your system is resistant to poisons.
You thrive on rotten meat.
You heal slowly when monsters are visible.
You are immune to unholy pain and torment.
You can survive without breathing.


Message History

Blink to where?
Press: ? - help, Dir - move target cursor, p - Wiglaf
As you read the scroll of blinking, it crumbles to dust.
You are very lightly contaminated with residual magic.
Eat a rotting chunk of vampire mosquito flesh? (ye/n/q/i?) This rotting flesh tastes delicious!
Your surroundings suddenly seem different.
Norris misses you.
Found a stone staircase leading down and a stone staircase leading up.
You continue eating.
The swamp dragon roars!
Norris hits you with a runed hand axe!
* * * LOW HITPOINT WARNING * * *
Norris freezes you.
* * * LOW HITPOINT WARNING * * *
You continue eating.
The swamp dragon closely misses you. The swamp dragon barely misses you.
The swamp dragon closely misses you.
Norris hits you with a hand axe of freezing!!
You die...

.≈. ...≈.♣.≈≈
..≈...≈.≈≈.
≈...≈♣...≈≈..
≈≈≈..≈..≈.≈..≈≈
♣....≈≈≈..≈≈≈≈
.≈♣≈.≈≈≈≈≈≈≈≈≈≈
.<.....D≈≈≈.≈≈≈≈.
≈...≈≈≈.@k≈≈≈≈≈≈>
.≈≈.≈≈≈@♣♣≈.≈≈≈.≈
≈≈≈≈≈≈≈(♣ .≈≈≈≈
..≈≈≈≈≈≈( ≈≈≈≈ ♣♣
≈§≈≈≈≈≈≈n ≈≈≈ ≈♣♣
.....g.(♣♣ . .♣ .≈♣
♣.≈.§≈≈.g♣ ♣♣≈.≈
..♣♣. .≈≈.≈≈≈≈.♣
.≈≈.. ..≈§≈≈
..$♣.≈≈≈%♣♣♣♣♣♣≈≈≈..♣


You could see Norris, Wiglaf, a swamp dragon and a swamp drake.

Vanquished Creatures
  Saint Roka (Orc:3)
  Frances (Swamp:1)
  Maud (D:15)
  Louise (D:14)
  2 orc warlords
  The ghost of Xiguana the Fighter, a powerful GrFi of Cheibriados (Swamp:1)
  Snorg (Lair:4)
  Josephine (D:15)
  Harold (Lair:2)
  14 hydras
  2 shambling mangroves
  A deep troll earth mage (D:12)
  6 alligators
  2 ogre magi
  A spectral orc (Orc:4)
  An orc high priest (Orc:4)
  A tengu warrior (D:15)
  2 centaur warriors
  14 death yaks
  Nergalle (Orc:4)
  Erolcha (D:11)
  A deep elf knight (D:14)
  4 unseen horrors
  A necromancer (IceCv)
  An ice statue (IceCv)
  6 hill giants
  7 swamp dragons
  7 orc knights
  A wizard (D:14)
  6 red wasps
  2 manticores
  A cyclops (D:13)
  4 orc sorcerers
  2 griffons
  A sixfirhy (Orc:4)
  10 elephants
  3 black mambas
  Maurice (D:9)
  3 gargoyles
  23 spiny frogs
  A torpor snail (Lair:8)
  3 naga magi (D:15)
  2 fire drakes
  5 yaktaurs (D:15)
  An item mimic (Lair:7)
  12 komodo dragons
  A feature mimic (Lair:5)
  Grinder (D:5)
  A queen bee (D:13)
  A harpy zombie (D:14)
  A deep elf priest (D:14)
  8 trolls
  6 polar bears
  8 two-headed ogres
  7 baby alligators
  2 hydra skeletons (D:9)
  3 giant leeches
  4 bog bodies
  10 freezing wraiths (IceCv)
  15 ravens
  4 deep elf magi
  10 blink frogs
  25 slime creatures
  A trapdoor spider (D:11)
  5 wyverns
  4 spriggans
  A basilisk (Lair:7)
  11 hippogriffs
  A shadow (Swamp:3)
  59 yaks
  19 ugly things
  10 hogs
  Grum (D:11)
  22 vampire mosquitoes
  A human (D:8)
  2 deep elf fighters (D:14)
  A naga (Lair:5)
  48 wolves
  A hill giant skeleton (D:15)
  A tengu zombie (D:13)
  4 hungry ghosts
  3 mottled dragons (D:14)
  A death yak simulacrum (IceCv)
  21 wargs
  An ogre skeleton (D:15)
  4 swamp drakes
  The ghost of soonmide the Grave Robber, an average DENe (D:3)
  4 hell hounds (Lair:8)
  22 water moccasins
  48 orc warriors
  25 swamp worms
  8 porcupines
  11 black bears
  2 sky beasts
  3 yellow wasps
  An alligator simulacrum (IceCv)
  A phantom (D:4)
  21 ice beasts
  A boggart (D:14)
  6 centaurs
  2 boring beetles
  7 big kobolds
  21 crocodiles
  16 ogres
  25 giant frogs
  A yaktaur skeleton (D:15)
  A cyclops zombie (D:11)
  3 insubstantial wisps (Lair:5)
  4 scorpions
  A warg zombie (Orc:4)
  An eye of draining (D:12)
  A yak zombie (D:8)
  A hippogriff zombie (D:12)
  A hippogriff skeleton (D:12)
  37 killer bees
  2 troll skeletons
  4 electric eels
  2 goliath beetles
  4 wights (D:9)
  An elephant simulacrum (IceCv)
  2 quasits
  3 draconian simulacra (IceCv)
  10 crimson imps
  2 elf skeletons
  A giant frog skeleton (D:12)
  8 jellies
  32 orc wizards
  29 hounds
  7 iguanas
  28 orc priests
  Natasha (twice) (D:6)
  21 sheep
  7 troll simulacra (IceCv)
  7 worker ants
  4 centaur simulacra (IceCv)
  A wolf simulacrum (IceCv)
  A brain worm zombie (D:15)
  A mottled dragon zombie (D:10)
  An orange rat (D:8)
  2 hound skeletons (D:11)
  3 mummies
  5 ogre simulacra (IceCv)
  2 gnolls
  20 adders
  A naga simulacrum (IceCv)
  A gnoll zombie (D:9)
  6 shadow imps
  2 steam dragon zombies
  49 green rats
  An inept feature mimic (D:6)
  6 giant mites
  12 white imps (IceCv)
  3 worms
  2 iguana skeletons
  An orc skeleton (D:9)
  8 giant geckos
  An ooze (D:3)
  229 orcs
  4 giant cockroaches
  20 goblins
  20 hobgoblins
  15 jackals
  42 kobolds
  12 quokkas
  4 ball pythons
  23 bats
  3 giant newts
  A goblin zombie (D:5)
  A hobgoblin skeleton (D:6)
  3 hobgoblin zombies
  A jackal zombie (D:3)
  3 kobold skeletons (D:8)
  2 kobold zombies
  16 orc zombies
  41 rats
  2 rat skeletons
  17 ballistomycetes
  A butterfly (Lair:7)
  4 crawling corpses (D:14)
  5 fungi
  8 plants
1551 creatures vanquished.

Vanquished Creatures (others)
  A jackal (Lair:8)
  A giant gecko (D:8)
  2 giant spores (D:8)
  13 fungi
  4 plants
21 creatures vanquished.

Grand Total: 1572 creatures vanquished

Notes
Turn   | Place    | Note
--------------------------------------------------------------
     0 | D:1      | KaKa, the Ghoul Monk, began the quest for the Orb.
     0 | D:1      | Reached XP level 1. HP: 19/19 MP: 1/1
     0 | D:1      | Upgraded the game from 0.15-a0-1723-gae8f746 to 0.15-a0-1766-g0ee8742
   196 | D:1      | Reached skill level 5 in Unarmed Combat
   196 | D:1      | Reached XP level 2. HP: 20/26 MP: 2/2
   764 | D:1      | Reached XP level 3. HP: 11/31 MP: 3/3
  1438 | D:2      | Reached skill level 6 in Unarmed Combat
  1438 | D:2      | Reached XP level 4. HP: 33/38 MP: 3/3
  1739 | D:2      | Found a bloodstained altar of Trog.
  2106 | D:3      | Reached XP level 5. HP: 30/45 MP: 4/4
  2287 | D:3      | Noticed soonmide's ghost (average DENe)
  2297 | D:3      | Reached skill level 7 in Unarmed Combat
  2311 | D:3      | Killed soonmide's ghost
  2311 | D:3      | Reached XP level 6. HP: 40/50 MP: 5/5
  2362 | D:3      | Found a deep blue altar of Sif Muna.
  2440 | D:3      | Reached skill level 8 in Unarmed Combat
  3056 | D:4      | Reached XP level 7. HP: 52/57 MP: 5/5
  3077 | D:4      | Reached skill level 9 in Unarmed Combat
  3192 | D:4      | Got an ichor-stained falchion
  3198 | D:4      | Identified the cursed +0 falchion of Tenacity {venom, SInv Stlth+} (You found it on level 4 of the Dungeon)
  3407 | D:4      | Found a burning altar of Makhleb.
  4100 | D:5      | Entered Level 5 of the Dungeon
  4170 | D:5      | Noticed Grinder
  4183 | D:5      | Paralysed by Grinder for 2 turns
  4186 | D:5      | Killed Grinder
  4186 | D:5      | Reached skill level 10 in Unarmed Combat
  4186 | D:5      | Reached XP level 8. HP: 48/63 MP: 6/6
  4205 | D:5      | Found a staircase to the Ecumenical Temple.
  4232 | Temple   | Entered the Ecumenical Temple
  5504 | D:6      | Found a white marble altar of Elyvilon.
  5514 | D:6      | Noticed Natasha
  5517 | D:6      | Killed Natasha
  5558 | D:6      | Found a snail-covered altar of Cheibriados.
  5562 | D:6      | Found an iron altar of Okawaru.
  5562 | D:6      | Found a glowing golden altar of the Shining One.
  5565 | D:6      | Became a worshipper of Cheibriados the Contemplative
  5627 | D:6      | Reached skill level 11 in Unarmed Combat
  6083 | D:6      | Noticed Natasha
  6086 | D:6      | Killed Natasha
  6109 | D:6      | Found a staircase to the Ecumenical Temple.
  6146 | D:6      | the staircase to the Ecumenical Temple was a mimic.
  6462 | D:6      | Acquired Cheibriados' first power
  6552 | D:6      | Reached skill level 1 in Bows
  6792 | D:7      | Found a stormy altar of Qazlal.
  6805 | D:7      | Reached skill level 5 in Fighting
  6852 | D:7      | Reached XP level 9. HP: 74/74 MP: 7/7
  7187 | D:7      | Acquired Cheibriados' second power
  7445 | D:7      | Reached skill level 5 in Dodging
  7459 | D:7      | Learned a level 3 spell: Flight
  8152 | D:8      | Reached skill level 1 in Armour
  8275 | D:8      | Reached XP level 10. HP: 78/85 MP: 7/7
  8412 | D:8      | Acquired Cheibriados' third power
  9680 | D:9      | Noticed a manticore
  9748 | D:9      | Found a staircase to the Orcish Mines.
  9752 | D:9      | Found Piquuzoiqi's Weapon Emporium.
  9771 | D:9      | Bought 8 javelins for 108 gold pieces
  9828 | D:9      | Noticed Maurice
  9842 | D:9      | Killed Maurice
 10055 | D:9      | Killed a manticore
 10055 | D:9      | Reached skill level 5 in Armour
 10055 | D:9      | Reached XP level 11. HP: 70/97 MP: 8/8
 10201 | D:10     | Entered Level 10 of the Dungeon
 10637 | D:10     | Killed an unseen horror
 10637 | D:10     | Reached skill level 1 in Throwing
 10888 | D:10     | Reached skill level 10 in Fighting
 11025 | D:10     | Noticed a hill giant
 11034 | D:10     | Killed a hill giant
 11063 | D:11     | Found a staircase to the Lair.
 11194 | D:11     | Noticed a hill giant
 11201 | D:11     | Killed a hill giant
 11437 | D:11     | Noticed Erolcha
 11509 | Lair:1   | Entered Level 1 of the Lair of Beasts
 11509 | Lair:1   | Noticed a four-headed hydra
 11515 | Lair:1   | Killed a four-headed hydra
 11515 | Lair:1   | Reached skill level 5 in Throwing
 12535 | Lair:2   | Reached XP level 12. HP: 106/106 MP: 16/16
 12686 | Lair:2   | Upgraded the game from 0.15-a0-1766-g0ee8742 to 0.15-a0-1854-g6489380
 12779 | Lair:2   | Reached skill level 5 in Invocations
 12831 | Lair:2   | Noticed Harold
 12835 | Lair:2   | Reached skill level 12 in Unarmed Combat
 12839 | Lair:2   | Killed Harold
 13829 | Lair:3   | Noticed an eight-headed hydra
 13836 | Lair:3   | Killed an eight-headed hydra
 13852 | Lair:3   | Got a dazzling scale mail
 13878 | Lair:3   | Identified the +7 scale mail of Icamaem {+Fly Str+2 SInv} (You found it on level 3 of the Lair of Beasts)
 14106 | Lair:3   | Reached XP level 13. HP: 114/118 MP: 23/23
 14149 | Lair:3   | Noticed a death yak
 14149 | Lair:3   | Noticed a death yak
 14150 | Lair:3   | Noticed a death yak
 14150 | Lair:3   | Noticed a death yak
 14150 | Lair:3   | Noticed a death yak
 14153 | Lair:3   | Killed a death yak
 14153 | Lair:3   | Killed a death yak
 14153 | Lair:3   | Reached skill level 5 in Bows
 14153 | Lair:3   | Killed a death yak
 14153 | Lair:3   | Killed a death yak
 14156 | Lair:3   | Killed a death yak
 14406 | Lair:3   | Found a staircase to the Swamp.
 15127 | Lair:4   | Reached skill level 10 in Invocations
 15435 | Lair:4   | Got a brightly glowing falchion
 15665 | Lair:4   | Noticed Snorg
 15673 | Lair:4   | Killed Snorg
 16109 | Lair:5   | Found a staircase to the Snake Pit.
 16503 | Lair:5   | Found a staircase to the Swamp.
 16518 | Lair:5   | the staircase to the Swamp was a mimic.
 17141 | Lair:6   | Reached XP level 14. HP: 99/126 MP: 27/27
 17798 | Lair:6   | Paralysed by a potion of paralysis for 7 turns
 17942 | Lair:7   | Found a glowing golden altar of the Shining One.
 18103 | Lair:7   | Reached skill level 10 in Bows
 18270 | Lair:7   | Found a staircase to the Slime Pits.
 19224 | Lair:8   | Entered Level 8 of the Lair of Beasts
 20350 | Lair:8   | Identified a +6 rod of the swarm (12/12) (You found it on level 8 of the Lair of Beasts)
 20436 | Lair:8   | Reached XP level 15. HP: 132/132 MP: 29/29
 20755 | Lair:8   | Reached skill level 13 in Bows
 21347 | D:11     | Reached skill level 1 in Spellcasting
 21381 | D:11     | Noticed Grum
 21394 | D:11     | Killed Grum
 21542 | D:11     | Killed Erolcha
 21862 | D:11     | Found Struvin's Armour Emporium.
 21870 | D:11     | Bought a +0 pair of gloves of archery for 97 gold pieces
 21870 | D:11     | Bought a +0 pair of boots for 67 gold pieces
 21870 | D:11     | Bought a +0 helmet for 67 gold pieces
 21967 | D:12     | Found a frozen archway.
 21998 | IceCv    | Entered an ice cave
 22757 | IceCv    | Found an ancient bone altar of Kikubaaqudgha.
 23447 | D:12     | Found Giraudd's Distillery.
 23500 | D:12     | Bought a potion of invisibility for 60 gold pieces
 23500 | D:12     | Bought 2 potions of magic for 121 gold pieces
 23500 | D:12     | Bought a potion of heal wounds for 33 gold pieces
 23605 | D:12     | Reached skill level 5 in Spellcasting
 25696 | D:14     | Found Qaiz's Weapon Shop.
 26028 | D:14     | Noticed Louise
 26045 | D:14     | Killed Louise
 26255 | D:14     | Reached skill level 1 in Charms
 26447 | D:14     | Reached skill level 1 in Air Magic
 26447 | D:14     | Reached XP level 16. HP: 144/144 MP: 29/29
 26599 | D:14     | Found a gate to the Vaults.
 26625 | D:15     | Entered Level 15 of the Dungeon
 26845 | D:15     | Noticed Josephine
 26853 | D:15     | Killed Josephine
 27143 | D:15     | Noticed Maud
 27161 | D:15     | Killed Maud
 27235 | D:15     | Found a staircase to the Depths.
 27511 | D:10     | Noticed an unseen horror
 27514 | D:10     | Killed an unseen horror
 27881 | D:10     | Noticed a hill giant
 27889 | D:10     | Killed a hill giant
 27950 | D:10     | Noticed an unseen horror
 27953 | D:10     | Killed an unseen horror
 27953 | D:10     | Reached skill level 5 in Charms
 28035 | Orc:1    | Entered Level 1 of the Orcish Mines
 28036 | Orc:1    | Found Entad's Magic Scroll Shoppe.
 28051 | Orc:1    | Bought a scroll of enchant armour for 82 gold pieces
 28051 | Orc:1    | Bought a scroll of enchant armour for 82 gold pieces
 28051 | Orc:1    | Bought 2 scrolls of fear for 77 gold pieces
 28960 | Orc:2    | Found a radiant altar of Vehumet.
 28986 | Orc:2    | Upgraded the game from 0.15-a0-1854-g6489380 to 0.15-a0-1866-g491fd59
 29225 | Orc:4    | Entered Level 4 of the Orcish Mines
 29225 | Orc:4    | Found Uhiesch's Distillery.
 29225 | Orc:4    | Found a radiant altar of Vehumet.
 29257 | Orc:4    | Noticed Saint Roka
 29583 | Orc:3    | Killed Saint Roka
 29873 | Orc:4    | Found a staircase to the Elven Halls.
 29937 | Orc:4    | Noticed Nergalle
 29956 | Orc:4    | Killed Nergalle
 30196 | Orc:4    | Found a roughly hewn altar of Beogh.
 30230 | Orc:4    | Found Naihai's Antique Weapon Shoppe.
 30304 | Orc:4    | Found Khodey's Jewellery Shoppe.
 30333 | Orc:4    | Found Ezxoriuw's Antique Armour Shoppe.
 30359 | Orc:4    | Bought a steaming helmet for 237 gold pieces
 30363 | Orc:4    | Identified the cursed -3 helmet "Jaimeseo" {rC+ Int+4} (You bought it in a shop on level 4 of the Orcish Mines)
 30383 | Orc:4    | Found Tyczibb's General Store.
 30404 | Orc:4    | Bought a book of Minor Magic for 340 gold pieces
 30404 | Orc:4    | Bought a potion of heal wounds for 51 gold pieces
 31453 | Swamp:1  | Entered Level 1 of the Swamp
 31453 | Swamp:1  | Noticed Frances
 32076 | Swamp:1  | Killed Frances
 32159 | Swamp:1  | Reached XP level 17. HP: 150/150 MP: 30/30
 32471 | Swamp:1  | Reached skill level 10 in Dodging
 32497 | Swamp:1  | Noticed Xiguana's ghost (powerful GrFi)
 32534 | Swamp:1  | Killed Xiguana's ghost
 32931 | Swamp:2  | Learned a level 2 spell: Repel Missiles
 32935 | Swamp:2  | Learned a level 2 spell: Blink
 33024 | Swamp:2  | Reached skill level 1 in Translocations
 34190 | Swamp:3  | Identified a scroll of acquirement
 34193 | Swamp:3  | Got a dazzling longbow
 34194 | Swamp:3  | Identified the -2 longbow "Vunuraro" {velocity, +Blink +Fly} (You acquired it on level 3 of the Swamp)
 35461 | Swamp:4  | Noticed Wiglaf
 35467 | Swamp:4  | Noticed Norris
 35474 | Swamp:4  | HP: 4/151 [Norris/runed hand axe (17)]
 35475 | Swamp:4  | Annihilated by Norris

Action                   |  1- 3 |  4- 6 |  7- 9 | 10-12 | 13-15 | 16-18 || total
-------------------------+-------+-------+-------+-------+-------+-------++-------
Melee: Unarmed           |   101 |   213 |   381 |   611 |  1467 |   893 ||  3666
       Falchion          |       |       |     3 |       |       |       ||     3
       Shortbow          |       |       |       |       |       |    12 ||    12
 Fire: Sling             |       |       |     7 |       |       |       ||     7
       Shortbow          |       |       |    43 |   115 |   378 |   531 ||  1067
       Blowgun           |       |       |     4 |       |       |       ||     4
       Longbow           |       |       |       |       |    31 |    16 ||    47
Throw: Tomahawk          |       |       |    28 |   123 |    18 |       ||   169
       Javelin           |       |       |       |    15 |    54 |    43 ||   112
 Cast: Flight            |       |       |       |       |       |     2 ||     2
       Repel Missiles    |       |       |       |       |       |     1 ||     1
Invok: Slouch            |       |       |       |     2 |    18 |     9 ||    29
       Bend Time         |       |       |       |       |     3 |       ||     3
       Temporal Distorti |       |       |       |       |     1 |       ||     1
Evoke: Wand              |       |     1 |     3 |     2 |     8 |     2 ||    16
  Use: Scroll            |       |     1 |    15 |     7 |    13 |    14 ||    50
       Potion            |       |       |     2 |     3 |     9 |     4 ||    18
 Stab: Sleeping          |     3 |       |     1 |     5 |       |     1 ||    10
       Distracted        |       |       |     1 |       |     1 |       ||     2
       Fleeing           |       |       |       |     1 |       |       ||     1
